 Dungeon Crawl Stone Soup version 0.31-a0-164-g2312942fda (webtiles) character file.

Game seed: 9736239002478557070

209 snackwell the Shooter (level 5, 0/41 (47) HPs)
             Began as a Hill Orc Hunter on June 13, 2023.
             Slain by a hell rat (10 damage)
             ... in a sewer.
             The game lasted 00:05:08 (1669 turns).

snackwell the Shooter (Hill Orc Hunter)             Turns: 1669, Time: 00:05:08

HP:   0/41 (47)     AC:  7    Str: 14    XL:     5   Next: 87%
MP:   5/5           EV: 11    Int:  9    God:
Gold: 113           SH:  0    Dex: 16    Spells: 4/4 levels left

rFire   . . .        a - +0 shortbow
rCold   . . .        (shield currently unavailable)
rNeg    . . .        h - +0 ring mail
rPois   .            n - +0 helmet
rElec   .            (no cloak)
rCorr   .            j - +0 pair of gloves
SInv    .            (no boots)
Will    +....        (no amulet)
Stlth   +            f - ring of willpower
HPRegen 0.26/turn    (no ring)
MPRegen 0.09/turn

%: no passive effects
@: heavily drained
A: no striking features
a: no special abilities


You were in a sewer.
You visited 1 branch of the dungeon, and saw 3 of its levels.
You also visited: Sewer.

You collected 113 gold pieces.

Inventory:

Hand Weapons
 a - a +0 shortbow (weapon)
 m - a +1 war axe of flaming
   (You took it off an orc on level 3 of the Dungeon)
Armour
 c - a +0 leather armour
 h - a +0 ring mail (worn)
   (You found it on level 1 of the Dungeon)
 j - a +0 pair of gloves (worn)
   (You found it on level 2 of the Dungeon)
 n - a +0 helmet (worn)
   (You took it off Robin on level 3 of the Dungeon)
Jewellery
 f - a ring of willpower (left hand)
   (You found it on level 1 of the Dungeon)
Scrolls
 b - a scroll of butterflies
 d - 2 scrolls of acquirement {unknown}
 e - 2 scrolls of identify {unknown}
 g - 2 scrolls of noise {unknown}
 i - a scroll of immolation {unknown}
Potions
 k - 2 potions of brilliance {unknown}
 l - a potion of heal wounds


   Skills:
 + Level 4.5 Fighting
 * Level 5.5 Ranged Weapons
 - Level 1.5 Dodging
 - Level 0.7 Stealth


You had 4 spell levels left.
You didn't know any spells.
Your spell library contained the following spells:

 Spells                   Type           Power      Damage    Failure   Level
 Freeze                   Ice            0%         1d3       63%         1
 Cigotuvi's Dreadful Rot  Necr/Pois/Air  0%         N/A       77%         2
 Frozen Ramparts          Ice            0%         1d1       94%         3
 Hailstorm                Conj/Ice       0%         3d3       94%         3
 Ignite Poison            Fire/Tmut/Pois 0%         N/A       94%         3
 Summon Guardian Golem    Hex/Summ       0%         N/A       94%         3
 Eringya's Noxious Bog    Tmut/Pois      0%         N/A       100%        6


Dungeon Overview and Level Annotations

Branches:
Dungeon (3/15) Zot: 16392   Sewer (1/1) Zot: 5844

Altars:


Message History

You shoot an arrow. The arrow hits the hell rat.
The hell rat is lightly wounded.
You shoot an arrow. The arrow barely misses the hell rat.
The hell rat completely misses you.
You shoot an arrow.
The arrow hits the hell rat but does no damage.
The hell rat is lightly wounded.
The hell rat closely misses you. The hell rat bites you.
You feel drained.
You shoot an arrow. The arrow barely misses the hell rat.
The hell rat bites you.
You feel drained.
You shoot an arrow. The arrow closely misses the hell rat.
The hell rat bites you.
You feel drained. The hell rat bites you.
* * * LOW HITPOINT WARNING * * *
It was a potion of heal wounds.
You feel much better. The hell rat barely misses you.
You shoot an arrow. The arrow hits the hell rat.
The hell rat is moderately wounded.
The hell rat closely misses you. The hell rat barely misses you.
You shoot an arrow. The arrow barely misses the hell rat.
The hell rat bites you but does no damage.
You shoot an arrow. The arrow hits the hell rat.
The hell rat is heavily wounded.
The hell rat barely misses you. The hell rat misses you.
You shoot an arrow.
The arrow hits the hell rat but does no damage.
The hell rat is heavily wounded.
The hell rat bites you but does no damage.
You shoot an arrow.
The arrow hits the hell rat but does no damage.
The hell rat is heavily wounded.
The hell rat barely misses you.
You shoot an arrow.
The arrow hits the hell rat but does no damage.
The hell rat is heavily wounded.
The hell rat bites you!
* * * LOW HITPOINT WARNING * * *
You feel drained.
* * * LOW HITPOINT WARNING * * *
The hell rat bites you.
* * * LOW HITPOINT WARNING * * *
You shoot an arrow. The arrow hits the hell rat.
The hell rat is almost dead.
The hell rat barely misses you.
Unknown command.
Unknown command.
You shoot an arrow. The arrow barely misses the hell rat.
The hell rat bites you!
* * * LOW HITPOINT WARNING * * *
The hell rat bites you!
You die...

#########
###~~†∩~~~###
#~~~~~∩~.~.~###
~~.~.#####~..~.#
~..###?∩
###...##
.~##.!?? ##~~.#
. .~~~~ #~~.#
~~~~ ##@..# ..
#.~ ###r~~##
~.~.##'##~.~~~#
#....~.~~~~~###
###~...~†~###
#########


You could see a hell rat.

Vanquished Creatures
  2 orc wizards (D:3)
  Robin (D:3)
  An adder (D:2)
  7 river rats
  A dart slug (D:1)
  6 orcs (D:3)
  5 bats
  9 endoplasms
  4 giant cockroaches
  8 goblins
  3 hobgoblins
  4 jackals (D:3)
  6 ball pythons
  A frilled lizard (D:3)
  5 kobolds
  8 rats
71 creatures vanquished.

Notes
Turn   | Place    | Note
-------+----------+-------------------------------------------
     0 | D:1      | snackwell the Hill Orc Hunter began the quest for the Orb.
     0 | D:1      | Reached XP level 1. HP: 18/18 MP: 1/1
   186 | D:1      | Reached XP level 2. HP: 21/25 MP: 2/2
   311 | D:1      | Reached skill level 4 in Ranged Weapons
   581 | D:1      | Reached XP level 3. HP: 31/31 MP: 3/3
   648 | D:2      | Got the Spellbook of the Fair Folk and Pollution
  1185 | D:3      | Reached XP level 4. HP: 23/40 MP: 4/4
  1218 | D:3      | Reached skill level 5 in Ranged Weapons
  1270 | D:3      | Reached XP level 5. HP: 37/46 MP: 5/5
  1415 | D:3      | Noticed Robin
  1428 | D:3      | Killed Robin
  1517 | D:3      | Found a glowing drain.
  1532 | Sewer    | Entered a sewer
  1669 | Sewer    | Slain by a hell rat

Illustrated notes

Levels and vault maps discovered:
D:1:      lightli_arrival_isolated_outpost, layout_loops_ring
D:2:      layout_rooms, nicolae_concentric_dashed_squares_wild
D:3:      layout_loops_ring, portal_sewer_entry_e, lexackson_kobold_supper,
          uniq_robin, uniq_pargi
Sewer:    sewer_hellmonk_bad_rat

Skill      XL: |  1  2  3  4 |
---------------+-------------+-----
Ranged Weapons | 4 5 |  5.5
Fighting       | 3 4 |  4.5
Dodging        | |  1.5
Stealth        | |  0.7

Action                     |  1- 3 |  4- 6 || total
---------------------------+-------+-------++-------
  Melee: Shortbow          |     3 |       ||     3
   Fire: Shortbow          |   130 |   156 ||   286
    Use: Potion            |       |     1 ||     1
 Armour: Leather armour    |     4 |       ||     4
         Ring mail         |    26 |    38 ||    64
  Dodge: Dodged            |    46 |    60 ||   106

Table legend: (Time is in decaauts)
 A = Elapsed time spent in this place.
 B = Non-inter-level travel time spent in this place.
 C = Inter-level travel time spent in this place.
 D = Time resting spent in this place.
 E = Time spent auto-exploring this place.
 F = Levels seen in this place.
 G = Mean time per level.
                   A        B        C        D        E       F      G
               +--------+--------+--------+--------+--------+-----+--------+
         Total |   1762 |   1756 |      6 |    113 |    965 |   4 |  440.5 |
       Dungeon |   1608 |   1602 |      6 |    103 |    895 |   3 |  536.0 |
         Sewer |    154 |    154 |      0 |     10 |     70 |   1 |  154.0 |
               +--------+--------+--------+--------+--------+-----+--------+

Top non-repeatable levels by time:
     D:1: 661 daAuts
     D:3: 479 daAuts
     D:2: 466 daAuts
   Sewer: 154 daAuts
